cohdb
Replays
Latest Replays
All Replays
Popular Replays
Top Player Replays
Match Explorer
How It Works
Community
CoH3 Stats
Reddit
Sign in to upload your games and track your stats! →
Sign in with Steam
Match 44549633
Unlisted
Match 44549633
Overview
Messages
Build Orders
End
Construct Barracks
Scout Squad
1⁄4-ton 4x4 Truck
Selects Armored Battlegroup
Selects Veteran Crews
Riflemen Squad
M1 Mortar Team
Riflemen Squad
Riflemen Squad
Air Support Center
Construct Motor Pool
P-47 Strafing Run
P-47 Dive Bomb
M24 Chaffee Light Tank
Construct Medical Station
Selects Fast Deploy
M1918 Browning Automatic Rifles
P-47 Strafing Run
P-47 Dive Bomb
Grasshopper Recon Run
P-47 Strafing Run
Selects M31 Recovery Vehicle
Selects M8 Scott SPG
M8 Scott SPG
P-47 Strafing Run
P-47 Dive Bomb
M24 Chaffee Light Tank
Engineer Squad
P-47 Strafing Run
M24 Chaffee Light Tank
M8 Scott SPG
P-47 Strafing Run
M1 Anti-tank Gun Team
P-47 Dive Bomb
M8 Scott SPG
Grasshopper Recon Run
P-47 Strafing Run
XuZhongwei
mark editor
hahaha
3+++
天涯
深入骨髓的恨意
骷髅上司
青春永驻2021
0
0
Comments
sign in to comment!
No comments posted yet!